[Event "Early-Titled-Tuesday-Blitz-May-14-2024"]
[Site "Chess.com"]
[Date "2024.05.14"]
[Round "3"]
[White "FaustinoOro"]
[Black "TigranMukhutdinov"]
[Result "0-1"]
[WhiteElo "2954"]
[BlackElo "2726"]
[TimeControl "180+1"]
[EndTime "8:26:32 PDT"]
[Termination "TigranMukhutdinov won by resignation"]

1. Nf3 d5 2. b3 Bf5 3. Bb2 e6 4. e3 Nf6 5. Be2 Be7 6. O-O h6 7. c4 c6 8. d4 O-O 9. Nc3 Ne4 10.
Nd2 Nxc3 11. Bxc3 Nd7 12. b4 Nf6 13. Qb3 a6 14. Bb2 b5 15. c5 a5 16. a4 bxa4 17.
Rxa4 axb4 18. Rxb4 e5 19. Bc3 exd4 20. exd4 Rb8 21.
h3 Ne4 22. Nxe4 Bxe4 23. Ra1 Rxb4 24. Qxb4 Qb8 25. Qxb8 Rxb8 26. Ra6 Rb3 27. Ba5 Bf6 28. Rxc6 Bxd4 29. Rc8+ Kh7 30. c6 Rb1+ 31. Kh2 Be5+ 0-1

[Event "Early-Titled-Tuesday-Blitz-May-14-2024"]
[Site "Chess.com"]
[Date "2024.05.14"]
[Round "3"]
[White "Revan_2002"]
[Black "titledsquirrel2007"]
[Result "1-0"]
[WhiteElo "2735"]
[BlackElo "2513"]
[TimeControl "180+1"]
[EndTime "8:26:38 PDT"]
[Termination "Revan_2002 won by resignation"]

1. d4 e6 2. c4 f5 3. Nf3 Nf6 4. g3 d5 5. Bg2 c6 6. O-O Bd6 7.
Nc3 O-O 8. Bf4 Bxf4 9. gxf4 Qe7 10.
e3 Nbd7 11. Rc1 Ne4 12. Ne2 Kh8 13. Ng3 Qd6 14. a3 b6 15. cxd5 exd5 16. Qa4 Bb7 17. Ne5 Nxe5 18. fxe5 Qe6 19. f4 a5 20. Bxe4 dxe4 21. Rfd1 Rfd8 22. Qc4 Qf6 1-0

[Event "Early-Titled-Tuesday-Blitz-May-14-2024"]
[Site "Chess.com"]
[Date "2024.05.14"]
[Round "3"]
[White "ProtectiveCarrot"]
[Black "lucasmito"]
[Result "0-1"]
[WhiteElo "2511"]
[BlackElo "2732"]
[TimeControl "180+1"]
[EndTime "8:26:56 PDT"]
[Termination "lucasmito won by resignation"]

1. e4 e5 2. Nf3 Nc6 3. Bb5 f5 4. d3 fxe4 5. dxe4 Nf6 6. O-O d6 7. Nc3 Be7 8. h3 O-O 9. Be3 Qe8 10. Bc4+ Kh8 11. a4 a6 12. Qe2 Nh5 13. Ng5 Bxg5 14. Bxg5 Nd4 15. Qd3 Qg6 16. Bd2 Rf3 17. Bf7 Rxf7 0-1

[Event "Early-Titled-Tuesday-Blitz-May-14-2024"]
[Site "Chess.com"]
[Date "2024.05.14"]
[Round "3"]
[White "ChessSwole"]
[Black "rachidhuilda"]
[Result "1-0"]
[WhiteElo "2609"]
[BlackElo "2327"]
[TimeControl "180+1"]
[EndTime "8:26:56 PDT"]
[Termination "ChessSwole won by resignation"]

1. d4 Nf6 2. c4 c5 3. d5 b5 4.
cxb5 a6 5. e3 e6 6. Nc3 exd5 7.
Nxd5 Bb7 8. e4 Nxe4 9. b6 Bd6 10.
Bc4 O-O 11. Nf3 Nc6 12. O-O Ne5 13. Nxe5 Bxe5 14. Qf3 Nf6 15. Nxf6+ Qxf6 16. Qxb7 Bxh2+ 17. Kxh2 Qh4+ 18. Kg1 Qxc4 19. Qxd7 Rab8 20. b7 Qb5 21.
Qxb5 axb5 22. Be3 c4 23. Bc5 Rfe8 24. Rfe1 Re6 25. a4 bxa4 26. Rxe6 fxe6 27. Rxa4 Rxb7 28. Bd4 Rd7 29. Bc3 Rc7 30. f4 Kf7 31. Kf2 h5 32. Kf3 Ke7 33. Bxg7 1-0

[Event "Early-Titled-Tuesday-Blitz-May-14-2024"]
[Site "Chess.com"]
[Date "2024.05.14"]
[Round "3"]
[White "MITerryble"]
[Black "LionKing2367890"]
[Result "1-0"]
[WhiteElo "3045"]
[BlackElo "2248"]
[TimeControl "180+1"]
[EndTime "8:26:59 PDT"]
[Termination "MITerryble won by resignation"]

1. e4 e5 2. Nf3 Nc6 3. c3 Nf6 4. d4 d5 5. Bb5 Nxe4 6. Nxe5 Bd7 7. Nxd7 Qxd7 8. Nd2 Nxd2 9. Bxd2 O-O-O 10. O-O a6 11.
Bd3 Kb8 12. b4 Na7 13. a4 Bd6 14. Qb3 h5 15. b5 a5 16. b6 Nc8 17. bxc7+ Qxc7 18. h3 f6 19. Rab1 Ka7 20. Rfc1 b6 21. Qb5 Bf4 22.
Qa6+ Kb8 23. Bxf4 Qxf4 24. Rxb6+ Nxb6 25. Qxb6+ Kc8 26. Qc6+ 1-0

[Event "Early-Titled-Tuesday-Blitz-May-14-2024"]
[Site "Chess.com"]
[Date "2024.05.14"]
[Round "3"]
[White "Thjop"]
[Black "esrosenberg"]
[Result "1-0"]
[WhiteElo "2609"]
[BlackElo "2338"]
[TimeControl "180+1"]
[EndTime "8:27:01 PDT"]
[Termination "Thjop won by resignation"]

1. e4 c5 2. Nf3 g6 3. g3 Bg7 4. Bg2 Nc6 5. O-O d6 6. h3 Nf6 7. d3 O-O 8. Nc3 Rb8 9. a4 a6 10. Be3 b5 11. axb5 axb5 12. Qd2 Re8 13. Bh6 Bh8 14.
Ng5 b4 15. Nd1 Nd4 16. Ne3 Bd7 17. f4 Nh5 18. g4 Ng7 19. f5 f6 20. Nf3 Nxf3+ 21.
Bxf3 e6 22. fxe6 Nxe6 23. Nd5 Nd4 24. Bg2 Be6 25. Ne3 Rb7 26. Rf2 Rf7 27. Raf1 f5 28.
exf5 gxf5 29. gxf5 1-0

[Event "Early-Titled-Tuesday-Blitz-May-14-2024"]
[Site "Chess.com"]
[Date "2024.05.14"]
[Round "3"]
[White "hsd2016"]
[Black "Smoking_Crow"]
[Result "1-0"]
[WhiteElo "2332"]
[BlackElo "2587"]
[TimeControl "180+1"]
[EndTime "8:27:05 PDT"]
[Termination "hsd2016 won by resignation"]

1. e4 c6 2. d4 d5 3. exd5 cxd5 4. Bf4 Nf6 5. Bd3 Bg4 6. Nf3 Nc6 7. c3 e6 8. Nbd2 Be7 9. h3 Bh5 10. O-O O-O 11. Qb3 Na5 12. Qc2 Bg6 13. Ne5 Bxd3 14. Qxd3 Rc8 15. Ndf3 Ne4 16. Rfe1 h6 17. Nd2 Nxd2 18.
Bxd2 Bd6 19. Qg3 Bxe5 20. Rxe5 Qf6 21. Rh5 Kh7 22. Bf4 Qg6 23. Qh4 Nc4 24. Re1 Nxb2 25. Re3 Nd1 26. Rg3 Qxg3 27. fxg3 Nxc3 28. Bxh6 g6 29. Qf6 Rg8 30. Qxf7+ 1-0

[Event "Early-Titled-Tuesday-Blitz-May-14-2024"]
[Site "Chess.com"]
[Date "2024.05.14"]
[Round "3"]
[White "MVM2008"]
[Black "zozik"]
[Result "1-0"]
[WhiteElo "2526"]
[BlackElo "2314"]
[TimeControl "180+1"]
[EndTime "8:27:05 PDT"]
[Termination "MVM2008 won on time"]

1. e4 e6 2. d4 d5 3. Nd2 c5 4. c3 cxd4 5. cxd4 dxe4 6. Nxe4 Nf6 7. Nc3 Be7 8. Nf3 O-O 9. Bd3 Nc6 10. Bg5 Nb4 11. Bb1 b6 12. h4 Bb7 13. Bxf6 Bxf6 14. Bxh7+ Kxh7 15. Ng5+ Kg8 16. Qh5 Nc2+ 17. Kd2 Bxg5+ 18.
hxg5 Qxd4+ 19. Kxc2 Be4+ 20. Kc1 f6 21. g6 Bxg6 22. Qxg6 Qf4+ 23. Kb1 Qxf2 24. Rh7 Qf1+ 25. Kc2 Qf2+ 26. Kb3 Rf7 27. Qh5 Kf8 28. Rh8+ Ke7 29. Rxa8 1-0

[Event "Early-Titled-Tuesday-Blitz-May-14-2024"]
[Site "Chess.com"]
[Date "2024.05.14"]
[Round "3"]
[White "Aleksandar-Topalov"]
[Black "mapleaff"]
[Result "1-0"]
[WhiteElo "2492"]
[BlackElo "2298"]
[TimeControl "180+1"]
[EndTime "8:27:06 PDT"]
[Termination "Aleksandar-Topalov won by resignation"]

1. b3 b6 2. Bb2 Bb7 3. Nf3 Nf6 4. g3 g6 5. Bg2 Bg7 6. O-O O-O 7. d3 d6 8. Nbd2 Nbd7 9. e4 e5 10. Nh4 Nh5 11. Nf5 Bf6 12. Nc4 Ng7 13. Nh6+ Kh8 14. Ng4 Be7 15. f4 f5 16. exf5 Bxg2 17. Kxg2 gxf5 18.
Nge3 exf4 19. Rxf4 Bg5 20. Rxf5 Bxe3 21. Nxe3 Kg8 22.
Rxf8+ Nxf8 23. Qg4 Ng6 24. Rf1 Qe8 25. Nf5 Nxf5 26.
Qxf5 Qc6+ 27. Kg1 Qc5+ 28. Rf2 Qxf5 29. Rxf5 Re8 30. Kf2 a5 31. a4 Ne7 32. Rg5+ Ng6 33. h4 Kf7 34. h5 Nf8 35. Rg7+ Ke6 36. Rxc7 Kd5 37. c4+ Ke6 38. Rb7 Nd7 39. d4 d5 40.
cxd5+ Kxd5 41. Rxd7+ 1-0

[Event "Early-Titled-Tuesday-Blitz-May-14-2024"]
[Site "Chess.com"]
[Date "2024.05.14"]
[Round "3"]
[White "Iball95"]
[Black "CaspiIsrael"]
[Result "1-0"]
[WhiteElo "2921"]
[BlackElo "2607"]
[TimeControl "180+1"]
[EndTime "8:27:08 PDT"]
[Termination "Iball95 won by resignation"]

1. e4 e5 2. Nf3 Nc6 3. Nc3 Nf6 4. Bb5 Bb4 5. Nd5 Nxd5 6. exd5 Nd4 7. Nxd4 exd4 8. a3 Bc5 9. Qe2+ Qe7 10. b4 Qxe2+ 11. Kxe2 Bb6 12. Bb2 a6 13. Ba4 O-O 14. Kd3 d6 15. Bxd4 Bf5+ 16. Kc3 Bxd4+ 17. Kxd4 b5 18. Bb3 Rfe8 19. Rhe1 f6 20. a4 Kf7 21. d3 h5 22.
Rxe8 Rxe8 23. axb5 axb5 24. Ra7 Re2 25. Rxc7+ Kg6 26.
c4 Rd2 27. cxb5 Rxd3+ 28. Kc4 Rd2 29. b6 Be4 30. Kc3 Rxf2 31. b7 Rxg2 32. b8=Q Rxh2 33. Qe8+ 1-0

[Event "Early-Titled-Tuesday-Blitz-May-14-2024"]
[Site "Chess.com"]
[Date "2024.05.14"]
[Round "3"]
[White "cthulhuuu"]
[Black "Phuzer"]
[Result "1-0"]
[WhiteElo "2438"]
[BlackElo "2618"]
[TimeControl "180+1"]
[EndTime "8:27:09 PDT"]
[Termination "cthulhuuu won by resignation"]

1. e4 e5 2. Nf3 Nc6 3. d3 Nf6 4.
g3 d5 5. exd5 Nxd5 6. Bg2 Be6 7.
O-O f6 8. Re1 Bc5 9. c3 Kf7 10.
d4 exd4 11. Nxd4 Nxd4 12. cxd4 Bb6 13. Nc3 c6 14. a4 a5 15. Qb3 Re8 16. Rxe6 Kxe6 17.
Bf4 Kf7 18. Nxd5 cxd5 19. Bxd5+ Kf8 20. Qa3+ Re7 21. Bd6 Ke8 22. Bxe7 Qxe7 23. Qb3 Bxd4 24. Rd1 Bc5 25. Bxb7 Rd8 26. Qb5+ Kf7 27. Qc4+ Ke8 28. Bc6+ 1-0

[Event "Early-Titled-Tuesday-Blitz-May-14-2024"]
[Site "Chess.com"]
[Date "2024.05.14"]
[Round "3"]
[White "Semetey"]
[Black "Maria_Elayza"]
[Result "1-0"]
[WhiteElo "2587"]
[BlackElo "2259"]
[TimeControl "180+1"]
[EndTime "8:27:13 PDT"]
[Termination "Semetey won by resignation"]

1. Nc3 d5 2. e4 dxe4 3. Nxe4 Nd7 4. Nf3 Ngf6 5. Ng3 e6 6. d4 Bd6 7. Bd3 O-O 8. Bg5 c5 9. c3 Qc7 10. Qc2 h6 11. h4 cxd4 12. Nxd4 a6 13. Ne4 Nxe4 14.
Bxe4 Bf4 15. g3 Be5 16. Nf3 f5 17. Bd3 hxg5 18. Nxg5 Bf6 19. O-O-O Nc5 20. Bc4 Bxg5+ 21. hxg5 b5 22. f4 bxc4 23. g6 Rf6 24. Rh8+ Kxh8 25. Qh2+ Kg8 26. Qh7+ Kf8 27. Qh8+ Ke7 28. Qxg7+ Ke8 29. Qxc7 Bd7 30. Qxc5 Rxg6 31. Qe5 Rd8 32. Qh8+ Ke7 33. Qh7+ Kf6 34. Qh4+ 1-0

[Event "Early-Titled-Tuesday-Blitz-May-14-2024"]
[Site "Chess.com"]
[Date "2024.05.14"]
[Round "3"]
[White "sergeikim"]
[Black "Juicy_Fork"]
[Result "0-1"]
[WhiteElo "2640"]
[BlackElo "2464"]
[TimeControl "180+1"]
[EndTime "8:27:15 PDT"]
[Termination "Juicy_Fork won by resignation"]

1. d4 Nf6 2. c4 e6 3. Nc3 Bb4 4. Qc2 O-O 5. a3 Bxc3+ 6. Qxc3 d5 7. Nf3 c5 8. dxc5 Ne4 9. Qc2 Nc6 10. b4 a5 11. b5 Ne7 12. e3 Nxc5 13. cxd5 Qxd5 14.
Bc4 Qh5 15. Bb2 b6 16. O-O Bb7 17. Ne5 Be4 18. Qe2 Qxe2 19. Bxe2 Rfd8 20. Bd4 Nb3 21.
Bxb6 Rdb8 22. Bc7 Rb7 23. b6 Nxa1 24. Rxa1 Nd5 25. f3 Nxc7 26. bxc7 Bc2 27. Bb5 Rxb5 28. Rc1 Rc5 29. Nd3 Rxc7 0-1

[Event "Early-Titled-Tuesday-Blitz-May-14-2024"]
[Site "Chess.com"]
[Date "2024.05.14"]
[Round "3"]
[White "platy3"]
[Black "Mikhail_Golubev"]
[Result "1-0"]
[WhiteElo "2858"]
[BlackElo "2546"]
[TimeControl "180+1"]
[EndTime "8:27:16 PDT"]
[Termination "platy3 won by resignation"]

1. e4 c5 2. Nf3 d6 3. Bb5+ Bd7 4.
Bxd7+ Nxd7 5. O-O Ngf6 6. Re1 e6 7.
c3 Be7 8. d4 O-O 9. e5 Ne8 10. d5 Nxe5 11. dxe6 Nxf3+ 12. Qxf3 fxe6 13. Qxb7 Nc7 14. Nd2 Qd7 15. Qe4 Rf6 16. Nf3 Raf8 17. Be3 Nd5 18. Rad1 Nxe3 19. Rxe3 Kh8 20. h3 d5 21. Qg4 Rg6 22. Ne5 Rxg4 23. Nxd7 1-0

[Event "Early-Titled-Tuesday-Blitz-May-14-2024"]
[Site "Chess.com"]
[Date "2024.05.14"]
[Round "3"]
[White "MasterKroket"]
[Black "kingofthenil"]
[Result "0-1"]
[WhiteElo "2542"]
[BlackElo "2837"]
[TimeControl "180+1"]
[EndTime "8:27:16 PDT"]
[Termination "kingofthenil won by checkmate"]

1. e4 Nc6 2. d4 d5 3. e5 Bf5 4.
Bb5 e6 5. Nd2 Ne7 6. Nb3 a6 7.
Be2 f6 8. exf6 gxf6 9. c3 Rg8 10. Bh5+ Bg6 11. Nh3 e5 12. dxe5 fxe5 13. Nc5 Qd6 14. Nxb7 Qf6 15. Bg5 Qf7 16. Bf3 e4 17. Bg4 Ne5 18.
O-O Nxg4 19. Qxg4 Bf5 20. Qf4 Ng6 21. Qe3 Ne5 22. Bf4 Nc4 23. Qd4 Bxh3 24. Rfe1 Rxg2+ 25. Kh1 Qxf4 26. b3 Qxh2# 0-1

[Event "Early-Titled-Tuesday-Blitz-May-14-2024"]
[Site "Chess.com"]
[Date "2024.05.14"]
[Round "3"]
[White "Resourchess"]
[Black "dropstoneDP"]
[Result "0-1"]
[WhiteElo "2419"]
[BlackElo "2977"]
[TimeControl "180+1"]
[EndTime "8:27:16 PDT"]
[Termination "dropstoneDP won by resignation"]

1. d4 d5 2. c4 dxc4 3. e3 Nf6 4.
Bxc4 e6 5. Nf3 c5 6. O-O a6 7. a4 cxd4 8. Nxd4 Be7 9. Nc3 O-O 10.
Be2 Bd7 11. Bf3 Nc6 12. Nxc6 Bxc6 13. Bxc6 bxc6 14. Qf3 Bb4 15. Rd1 Qa5 16. Bd2 Rac8 17. Be1 Nd5 18. Ne4 Bxe1 19. Rxe1 Qb4 20. Re2 Rfd8 21. h3 Rd7 22. Ng3 c5 23. Qe4 Nf6 24. Qb1 Rcd8 25. Nf1 h5 26. Qe1 a5 27. Qxb4 cxb4 28. Rc2 Rd1 29. Rxd1 Rxd1 30. f3 Nd5 31. Kf2 Rxf1+ 0-1

[Event "Early-Titled-Tuesday-Blitz-May-14-2024"]
[Site "Chess.com"]
[Date "2024.05.14"]
[Round "3"]
[White "GameOverBro"]
[Black "vasblesk"]
[Result "0-1"]
[WhiteElo "2532"]
[BlackElo "2814"]
[TimeControl "180+1"]
[EndTime "8:27:18 PDT"]
[Termination "vasblesk won by resignation"]

1. e4 e5 2. Nf3 Nc6 3. Bb5 Nf6 4. d4 Nxe4 5. O-O Nd6 6. dxe5 Nxb5 7. a4 Nbd4 8. Nxd4 Nxd4 9. Qxd4 Be7 10. Bf4 O-O 11. Nc3 c6 12. Rad1 Qb6 13. Qxb6 axb6 14. b3 f6 15. Rfe1 fxe5 16. Bxe5 Bb4 17. Re4 Bc5 18. Rd2 d5 19. Rf4 Re8 20. Re2 Bd7 21. Bd4 Bd6 22. Rh4 c5 23. Be3 d4 24. Ne4 Be7 0-1

[Event "Early-Titled-Tuesday-Blitz-May-14-2024"]
[Site "Chess.com"]
[Date "2024.05.14"]
[Round "3"]
[White "SirGerhard"]
[Black "valik3504"]
[Result "0-1"]
[WhiteElo "2722"]
[BlackElo "2549"]
[TimeControl "180+1"]
[EndTime "8:27:21 PDT"]
[Termination "valik3504 won by resignation"]

1. d4 Nf6 2. Nf3 e6 3. c4 c5 4. d5 d6 5. Nc3 g6 6. e4 Bg7 7.
Bd3 O-O 8. h3 exd5 9. cxd5 b5 10. Nxb5 Re8 11. O-O Nxe4 12. Bxe4 Rxe4 13. Re1 Rxe1+ 14.
Qxe1 a6 15. Bg5 f6 16. Nc7 Qxc7 17. Qe8+ Bf8 18. Bh6 Nd7 19. Qe6+ Kh8 20. Qf7 Bxh6 21. Re1 Bf8 0-1

[Event "Early-Titled-Tuesday-Blitz-May-14-2024"]
[Site "Chess.com"]
[Date "2024.05.14"]
[Round "3"]
[White "Kors67"]
[Black "AccioChess"]
[Result "0-1"]
[WhiteElo "2244"]
[BlackElo "2423"]
[TimeControl "180+1"]
[EndTime "8:27:23 PDT"]
[Termination "AccioChess won by resignation"]

1. e4 c5 2. Nf3 Nc6 3. c3 d5 4. exd5 Qxd5 5. d4 Bf5 6. Be2 e6 7. O-O Nf6 8. Be3 cxd4 9. cxd4 Bb4 10. a3 Ba5 11. b4 Bb6 12. Nc3 Qd8 13. Na4 O-O 14.
Nxb6 axb6 15. Bg5 h6 16. Bh4 Be4 17. b5 Bxf3 18. Bxf3 Nxd4 19. Bxb7 Ra7 20. Bc6 Nxc6 21. bxc6 Qxd1 22. Rfxd1 Nd5 23. Rac1 Rc8 24. Rd3 Rac7 25. f4 Rxc6 26. Rxc6 Rxc6 27. f5 Rc2 28. fxe6 fxe6 29.
Bg3 g5 30. Be5 Kf7 31. h4 Kg6 32. hxg5 hxg5 33. Rb3 Kf5 34. Bd6 Rc3 35. Rxc3 Nxc3 36. Kf2 Ne4+ 0-1

[Event "Early-Titled-Tuesday-Blitz-May-14-2024"]
[Site "Chess.com"]
[Date "2024.05.14"]
[Round "3"]
[White "scarabee43"]
[Black "Flaccidmoves"]
[Result "1-0"]
[WhiteElo "2823"]
[BlackElo "2430"]
[TimeControl "180+1"]
[EndTime "8:27:25 PDT"]
[Termination "scarabee43 won by resignation"]

1. Nf3 d6 2. d4 Nf6 3. g3 Bf5 4. Bg2 c6 5. O-O Nbd7 6. c4 e5 7. Nc3 Ne4 8. Qb3 Nxc3 9. Qxc3 Qc7 10. Re1 Be7 11. e4 Bg4 12. Be3 O-O 13. Nd2 exd4 14. Bxd4 Bf6 15. Nf1 Rfe8 16. Ne3 Be6 17. Rad1 Rad8 18.
f4 Bxd4 19. Rxd4 Nf6 20. Bf3 Qb6 21. Kg2 Rd7 22. f5 Rde7 23. fxe6 Rxe6 24. Nf5 d5 25.
cxd5 cxd5 26. e5 Nd7 27. Rxd5 1-0

[Event "Early-Titled-Tuesday-Blitz-May-14-2024"]
[Site "Chess.com"]
[Date "2024.05.14"]
[Round "3"]
[White "TenisMaster"]
[Black "Athanasios2"]
[Result "1-0"]
[WhiteElo "2916"]
[BlackElo "2673"]
[TimeControl "180+1"]
[EndTime "8:27:26 PDT"]
[Termination "TenisMaster won by resignation"]

1. e4 c5 2. Nf3 d6 3. d4 cxd4 4. Nxd4 Nf6 5. Nc3 Nc6 6. Bg5 e6 7. Qd2 Be7 8. O-O-O O-O 9. f4 Nxd4 10. Qxd4 Qa5 11. e5 dxe5 12. Qxe5 Qb6 13. Bd3 Rd8 14. Ne4 Rd5 15. Qc3 Qd8 16. Nxf6+ gxf6 17. Bh6 Kh8 18. Be4 Rd7 19. Rxd7 Bxd7 20. Rd1 1-0

[Event "Early-Titled-Tuesday-Blitz-May-14-2024"]
[Site "Chess.com"]
[Date "2024.05.14"]
[Round "3"]
[White "Guldona_2007"]
[Black "Cheer_Down"]
[Result "0-1"]
[WhiteElo "2194"]
[BlackElo "2448"]
[TimeControl "180+1"]
[EndTime "8:27:30 PDT"]
[Termination "Cheer_Down won by resignation"]

1. e4 e6 2. d4 d5 3. Nd2 c5 4.
exd5 exd5 5. Ngf3 Nc6 6. Bb5 Qe7+ 7. Qe2 Qxe2+ 8. Kxe2 Bf5 9. c3 O-O-O 10. Re1 Re8+ 11. Kf1 Rxe1+ 12. Kxe1 cxd4 13. Nxd4 Nxd4 14. cxd4 Bd6 15. Nf3 Nf6 16. Bg5 Ne4 17. Be3 f6 18. Rc1+ Kb8 19.
a3 h5 20. h3 g5 21. Nd2 g4 22.
hxg4 hxg4 23. Ke2 Rh2 24. Rg1 g3 25. f3 Ng5 26. Nf1 Nh3 27. Nxh2 Nxg1+ 28. Bxg1 gxh2 29. Bxh2 Bxh2 30. g4 Bg6 31. Bd3 Bxd3+ 32. Kxd3 Bf4 0-1

[Event "Early-Titled-Tuesday-Blitz-May-14-2024"]
[Site "Chess.com"]
[Date "2024.05.14"]
[Round "3"]
[White "BeautiFullMindChess"]
[Black "ChessQueen"]
[Result "1-0"]
[WhiteElo "2315"]
[BlackElo "2786"]
[TimeControl "180+1"]
[EndTime "8:27:32 PDT"]
[Termination "BeautiFullMindChess won by checkmate"]

1. e4 c6 2. d4 d5 3. exd5 cxd5 4. Bd3 Nc6 5. c3 Nf6 6. h3 g6 7. Bf4 Bf5 8. Be2 e6 9. Nf3 h6 10. O-O g5 11. Bh2 Bd6 12. Bxd6 Qxd6 13. Nbd2 Rg8 14. Ne5 Nxe5 15. dxe5 Qxe5 16. Bb5+ Kf8 17. Nf3 Qf4 18. g3 Qc7 19. Qd4 Ne4 20. Ne5 Qc5 21. Nd7+ Ke7 22. Nxc5 Nd6 23. Bd3 Bxh3 24. Rfe1 h5 25.
Qxd5 Rad8 26. Nxb7 Nxb7 27. Qxb7+ Rd7 28. Qb4+ Kf6 29.
Bb5 Rd5 30. Rad1 Rgd8 31. Rxd5 Rxd5 32. Bc4 Rd2 33. Qf8 Bf5 34. Qb8 h4 35. gxh4 gxh4 36. Qf4 Rxb2 37. Qxh4+ Kg7 38. Bb3 Bg6 39. Re3 Rb1+ 40.
Kg2 a5 41. Rh3 Kf8 42. Qd8+ Kg7 43. Qh8# 1-0

[Event "Early-Titled-Tuesday-Blitz-May-14-2024"]
[Site "Chess.com"]
[Date "2024.05.14"]
[Round "3"]
[White "NMChessToImpress"]
[Black "ChainedDowntohell"]
[Result "0-1"]
[WhiteElo "2262"]
[BlackElo "2593"]
[TimeControl "180+1"]
[EndTime "8:27:34 PDT"]
[Termination "ChainedDowntohell won by resignation"]

1. e4 e6 2. d4 d5 3. e5 c5 4.
c3 Nc6 5. Nf3 Bd7 6. Be2 Nge7 7.
O-O Nf5 8. dxc5 Bxc5 9. b4 Bb6 10. Bd3 O-O 11. Bxf5 exf5 12. Qxd5 Be6 13. Qxd8 Rfxd8 14. b5 Na5 15. Ba3 Bc4 16. Re1 Bxb5 17. Bb4 Nc6 18.
Na3 Nxb4 19. cxb4 Bc6 20. Nc4 Bc7 21. e6 fxe6 22. Ng5 Bd5 23. Ne3 Bb6 24. Nxd5 exd5 25. Re7 Bd4 26. Rae1 Bf6 27. h4 h6 28. Rxb7 hxg5 29.
hxg5 Bxg5 0-1

[Event "Early-Titled-Tuesday-Blitz-May-14-2024"]
[Site "Chess.com"]
[Date "2024.05.14"]
[Round "3"]
[White "Nouali_Mohamed"]
[Black "Trovita84"]
[Result "1-0"]
[WhiteElo "2559"]
[BlackElo "2147"]
[TimeControl "180+1"]
[EndTime "8:27:34 PDT"]
[Termination "Nouali_Mohamed won by resignation"]

1. e4 e6 2. d4 d5 3. Nc3 Bb4 4.
Ne2 Nf6 5. e5 Ne4 6. a3 Nxc3 7.
Nxc3 Be7 8. Qg4 g6 9. Be3 Nd7 10.
O-O-O c5 11. Nb5 O-O 12. h4 h5 13. Qg3 cxd4 14. Bxd4 Nc5 15. f3 Bd7 16. Nd6 Qc7 17.
Kb1 Be8 18. Qf4 Rc8 19. Nxc8 Qxc8 20. g4 1-0

[Event "Early-Titled-Tuesday-Blitz-May-14-2024"]
[Site "Chess.com"]
[Date "2024.05.14"]
[Round "3"]
[White "OppieZippy"]
[Black "Renatoforf"]
[Result "1-0"]
[WhiteElo "2354"]
[BlackElo "1933"]
[TimeControl "180+1"]
[EndTime "8:27:34 PDT"]
[Termination "OppieZippy won by resignation"]

1. d4 Nf6 2. c4 c5 3. e3 g6 4. Nf3 Bg7 5. Nc3 O-O 6. Be2 cxd4 7.
exd4 d5 8. c5 b6 9. b4 a5 10.
Ba3 axb4 11. Bxb4 Nc6 12. a3 Nxb4 13. axb4 Rxa1 14. Qxa1 bxc5 15. bxc5 Bg4 16. O-O Ne4 17. Rd1 Qb8 18. h3 Bxf3 19. Bxf3 Nxc3 20. Qxc3 e5 21.
dxe5 Bxe5 22. Qd3 d4 23. g3 Qc7 24. Qc4 Rc8 25. c6 Qb6 26. Kg2 Qb2 27. Re1 Bf6 28.
Bd5 Rc7 29. Re2 Qc3 30. Qb5 d3 31. Re3 d2 32. Rxc3 d1=Q 33. Rf3 Be5 34. Rxf7 Rxf7 35.
Bxf7+ Kxf7 36. Qxe5 1-0

[Event "Early-Titled-Tuesday-Blitz-May-14-2024"]
[Site "Chess.com"]
[Date "2024.05.14"]
[Round "3"]
[White "jaramsdal"]
[Black "TitarovVasiliYouTube"]
[Result "0-1"]
[WhiteElo "2386"]
[BlackElo "2625"]
[TimeControl "180+1"]
[EndTime "8:27:37 PDT"]
[Termination "TitarovVasiliYouTube won by resignation"]

1. e4 Nf6 2. e5 Nd5 3. d4 d6 4. Nf3 dxe5 5. Nxe5 c6 6. Be2 Bf5 7. O-O e6 8. c4 Nf6 9. Nc3 Nbd7 10. Bg5 Nxe5 11.
dxe5 Qxd1 12. Raxd1 Nd7 13. f4 Bc5+ 14. Kh1 h6 15. Bh4 Rg8 16. Na4 Be7 17. Bxe7 Kxe7 18. b4 Bc2 19. Rxd7+ Kxd7 20. Nc5+ Kc7 21. b5 Rad8 22.
Bf3 Rd4 23. Rc1 Rxc4 24. Ne4 Rxe4 25. Bxe4 Bxe4 0-1

[Event "Early-Titled-Tuesday-Blitz-May-14-2024"]
[Site "Chess.com"]
[Date "2024.05.14"]
[Round "3"]
[White "DumbKing75"]
[Black "Masterbeaterr"]
[Result "1-0"]
[WhiteElo "2660"]
[BlackElo "2452"]
[TimeControl "180+1"]
[EndTime "8:27:41 PDT"]
[Termination "DumbKing75 won by resignation"]

1. e4 e5 2. Nf3 Nc6 3. Bb5 a6 4. Bxc6 dxc6 5. O-O Ne7 6. Nxe5 Qd4 7. Qh5 g6 8. Qg5 Bg7 9. Nf3 Qxe4 10. Re1 Qb4 11. Nc3 h6 12. Qe3 Be6 13. a3 Qa5 14. b4 Qh5 15.
Nd4 Nf5 16. Nxe6 Nxe3 17. Nxg7+ Kf8 18. Nxh5 Nxc2 19. Ng3 Nxe1 20. Bb2 Nd3 21. Nd1 Nxb2 22. Nxb2 Rd8 23. d3 Kg7 24. Kf1 Rhe8 25. Re1 Rxe1+ 26. Kxe1 f5 27. Ne2 Kf6 28. f4 g5 29. g3 Re8 30.
Kd2 g4 31. Nc4 Rd8 32. Na5 Rb8 33. Nc1 Ke6 34. Ncb3 Kd5 35. Nc4 b6 36. Ne3+ Ke6 37.
Nd4+ 1-0

[Event "Early-Titled-Tuesday-Blitz-May-14-2024"]
[Site "Chess.com"]
[Date "2024.05.14"]
[Round "3"]
[White "manitodeplomo"]
[Black "Ariadna_Atreides"]
[Result "1-0"]
[WhiteElo "2582"]
[BlackElo "2241"]
[TimeControl "180+1"]
[EndTime "8:27:42 PDT"]
[Termination "manitodeplomo won on time"]

1. d4 Nf6 2. c4 e6 3. Nf3 Bb4+ 4. Bd2 Bxd2+ 5. Qxd2 O-O 6. Nc3 d5 7. e3 Qe7 8. Rc1 Rd8 9. c5 b6 10. b4 a5 11. a3 axb4 12. axb4 Ne4 13. Qc2 f5 14. Bd3 Ba6 15. b5 Bc8 16. c6 Ra3 17. Bxe4 fxe4 18. Ne5 Qg5 19. O-O h5 20. Qb2 Ra5 21.
Ra1 h4 22. h3 Rf8 23. Rxa5 bxa5 24. Ra1 a4 25. Rxa4 Nxc6 26. bxc6 1-0

[Event "Early-Titled-Tuesday-Blitz-May-14-2024"]
[Site "Chess.com"]
[Date "2024.05.14"]
[Round "3"]
[White "whiteglovethief"]
[Black "Gangster-accountant01"]
[Result "0-1"]
[WhiteElo "2442"]
[BlackElo "2565"]
[TimeControl "180+1"]
[EndTime "8:27:43 PDT"]
[Termination "Gangster-accountant01 won by resignation"]

1. d4 d5 2. c4 dxc4 3. e4 e5 4. Nf3 Bb4+ 5. Nc3 exd4 6. Qxd4 Qxd4 7. Nxd4 a6 8. Bxc4 Nf6 9. O-O O-O 10. e5 Nfd7 11. e6 Ne5 12. exf7+ Kh8 13. Bb3 c5 14. Ne6 c4 15. Nxf8 cxb3 16. Nd5 Bxf8 17. Nb6 Be6 18.
Nxa8 Nbd7 19. axb3 Bxb3 20. Bf4 Nxf7 21. Nc7 g5 22. Bg3 h5 23. h4 gxh4 24. Bxh4 Bg7 25. Ne8 Be5 26. Rfe1 Kg8 27. Ra3 Bc4 28. Rxe5 Nfxe5 29.
Nf6+ Nxf6 30. Bxf6 Nd3 31. Rc3 Bb5 32. Rc7 Bc6 33. f3 a5 34. Kh2 Nc5 35. Kg3 Nd7 36. Kh4 Nxf6 37. Kg5 Nd5 38. Rc8+ Kf7 39. Kxh5 Nf4+ 40.
Kg5 Nxg2 41. f4 Ne3 42. Rc7+ Ke6 43. f5+ Nxf5 44. Rc8 Nd6 45. Ra8 a4 46. Kf4 Kd5 47. Rd8 Kc5 0-1

[Event "Early-Titled-Tuesday-Blitz-May-14-2024"]
[Site "Chess.com"]
[Date "2024.05.14"]
[Round "3"]
[White "MdChess1734"]
[Black "DonJuanEGenaro"]
[Result "1-0"]
[WhiteElo "2368"]
[BlackElo "2006"]
[TimeControl "180+1"]
[EndTime "8:27:44 PDT"]
[Termination "MdChess1734 won by resignation"]

1. e4 c5 2. Nf3 Nc6 3. d4 cxd4 4.
Nxd4 Nf6 5. Nc3 d6 6. Bg5 Qb6 7. Nb3 e6 8. Qd2 a6 9. O-O-O Bd7 10. f4 h6 11. Bh4 Qc7 12. Be2 Be7 13. g4 b5 14. a3 b4 15. axb4 Nxb4 16. Bg3 a5 17. g5 a4 18. Nb5 Bxb5 19. Bxb5+ Nd7 20. Qxb4 axb3 21. Qxb3 hxg5 22. f5 g4 23. fxe6 Bg5+ 24. Kb1 fxe6 25. Qxe6+ Be7 26. Bxd6 Qd8 1-0